 Dungeon Crawl Stone Soup version 0.19.1-1-g22dce08 (webtiles) character file.

143 Ponchio the Magician (level 5, 0/28 HPs)
             Began as a Deep Elf Fire Elementalist on Nov 28, 2016.
             Slain by cuckmaster's ghost (1 damage)
             ... on level 3 of the Dungeon on Jan 3, 2017.
             The game lasted 00:12:14 (2161 turns).

Ponchio the Magician (Deep Elf Fire Elementalist)   Turns: 2161, Time: 00:12:15

Health: 0/28       AC:  2    Str:  5    XL:     5   Next: 4%
Magic:  0/16       EV: 13    Int: 26    God:
Gold:   72         SH:  0    Dex: 15    Spells: 2 memorised, 15 levels left

rFire  . . .     SeeInvis .     j - +1 dagger (flame)
rCold  . . .     Gourm    .     a - +0 robe
rNeg   . . .     Faith    .     (no shield)
rPois  .         Spirit   .     (no helmet)
rElec  .         Reflect  .     (no cloak)
rCorr  .         Harm     .     (no gloves)
MR     .....                    (no boots)
Stlth  ++........               (no amulet)
                                (no ring)
                                (no ring)

@: brilliant
A: regeneration 1
a: no special abilities


You were on level 3 of the Dungeon.
You were not hungry.

You visited 1 branch of the dungeon, and saw 3 of its levels.

You collected 72 gold pieces.

Inventory:

Hand Weapons
 e - a +0 dagger
 j - a +1 dagger of flaming (weapon)
Armour
 a - a +0 robe (worn)
Scrolls
 f - a scroll of identify {unknown}
 g - 3 scrolls of amnesia {unknown}
 l - a scroll of immolation {unknown}
 m - a scroll of remove curse {unknown}
 n - a scroll of enchant armour {unknown}
 o - a scroll of blinking {unknown}
Books
 b - a book of Flames

   Spells                             Type                      Level
   a - Flame Tongue                   Conjuration/Fire             1
   b - Throw Flame                    Conjuration/Fire             2
   c - Conjure Flame                  Conjuration/Fire             3
   d - Inner Flame                    Hexes/Fire                   3
   e - Sticky Flame                   Conjuration/Fire             4
   f - Fireball                       Conjuration/Fire             5
Comestibles
 c - 3 bread rations
 k - 2 slices of pizza
 p - a beef jerky
 q - 2 chunks of flesh


   Skills:
 - Level 2.5 Dodging
 - Level 2.4 Stealth
 + Level 7.1 Spellcasting
 - Level 1.1 Conjurations
 - Level 3.2 Fire Magic


You had 15 spell levels left.
You knew the following spells:

 Your Spells              Type           Power        Failure   Level  Hunger
a - Flame Tongue          Conj/Fire      #####        1%          1    None
b - Throw Flame           Conj/Fire      #####.       1%          2    None


Dungeon Overview and Level Annotations

Branches:
Dungeon (3/15)

Altars:
Fedhas

Annotations:
D:3 cuckmaster's ghost, amateur OpWz


Innate Abilities, Weirdness & Mutations

Your natural rate of healing is unusually fast.


Message History

Confirm with . or Enter, or press ? or * to list all spells.
Aiming: Flame Tongue
Press: ? - help, Shift-Dir - straight line, f/p - cuckmaster's ghost
Aim: cuckmaster's ghost (almost destroyed)
The flame tongue hits cuckmaster's ghost.
Cuckmaster's ghost resists.
Cuckmaster's ghost is almost destroyed.
Cuckmaster's ghost screams, "Don't try to defend!
You have no chance!"
Cuckmaster's ghost stares at you and mumbles some strange words.
The magic dart hits you!
* * * LOW HITPOINT WARNING * * *
You aren't carrying any potions.
You barely miss cuckmaster's ghost.
Cuckmaster's ghost is almost destroyed.
Cuckmaster's ghost hits you.
* * * LOW HITPOINT WARNING * * *
You closely miss cuckmaster's ghost.
Cuckmaster's ghost is almost destroyed.
Cuckmaster's ghost hits you.
You die...

######### #.......#
#.#####.# ## #.#
#.# #.# #.#####.##
## #.#####.##......
#.###..........#)#.
#@#§#####.##...<#.
##W## #.......#.
#.# ####...###
#>.....# ##.##
....#....# #.# ##
....... #.#
(.......# #+#
#..†.....#
#..#.?..##


You could see cuckmaster's ghost.

Vanquished Creatures
  Ijyb (D:2)
  Natasha (twice) (D:2)
  2 adders (D:2)
  2 dart slugs
  3 leopard geckos
  5 bats
  2 giant cockroaches
  5 hobgoblins
  3 jackals (D:2)
  9 kobolds
  2 frilled lizards (D:2)
  4 goblins
  5 rats
45 creatures vanquished.

Vanquished Creatures (others)
  5 toadstools (D:1)
5 creatures vanquished.

Grand Total: 50 creatures vanquished

Notes
Turn   | Place    | Note
-------+----------+-------------------------------------------
     0 | D:1      | Ponchio the Deep Elf Fire Elementalist began the quest for the Orb.
     0 | D:1      | Reached XP level 1. HP: 10/10 MP: 6/6
   271 | D:1      | Reached XP level 2. HP: 15/15 MP: 6/8
   275 | D:1      | Reached skill level 4 in Spellcasting
   750 | D:2      | Learned a level 2 spell: Throw Flame
   805 | D:2      | Noticed Ijyb
   818 | D:2      | Reached XP level 3. HP: 14/19 MP: 0/11
   828 | D:2      | Killed Ijyb
   828 | D:2      | Reached skill level 5 in Spellcasting
  1114 | D:2      | Reached XP level 4. HP: 19/24 MP: 8/13
  1249 | D:2      | Reached skill level 6 in Spellcasting
  1515 | D:2      | Noticed Natasha
  1525 | D:2      | Killed Natasha
  1626 | D:2      | Found a blossoming altar of Fedhas.
  1922 | D:2      | Noticed Natasha
  1927 | D:2      | Killed Natasha
  1927 | D:2      | Reached skill level 7 in Spellcasting
  1927 | D:2      | Reached XP level 5. HP: 21/28 MP: 10/16
  2029 | D:2      | Upgraded the game from 0.19.1 to 0.19.1-1-g22dce08
  2134 | D:3      | Noticed cuckmaster's ghost (amateur OpWz)
  2155 | D:3      | Gained mutation: Your natural rate of healing is unusually fast. [potion of beneficial mutation]
  2160 | D:3      | HP: 1/28 [cuckmaster's ghost (4)]
  2161 | D:3      | Slain by cuckmaster's ghost

Skill      XL: |  1  2  3  4 |
---------------+-------------+-----
Spellcasting   | 4 5 7 |  7.1
Dodging        | |  2.5
Stealth        | |  2.4
Conjurations   | |  1.1
Fire Magic     | |  3.2

Action                   |  1- 3 |  4- 6 || total
-------------------------+-------+-------++-------
Melee: Dagger            |    24 |     7 ||    31
 Cast: Flame Tongue      |    40 |    44 ||    84
       Throw Flame       |     8 |     9 ||    17
  Use: Potion            |       |     5 ||     5
 Stab: Sleeping          |       |     2 ||     2
  Eat: Chunk             |       |     4 ||     4
Armor: Robe              |    11 |     2 ||    13
Dodge: Dodged            |    19 |    19 ||    38
